[Event "ICC tourney 2397 (75 10)"]
[Site "Internet Chess Club"]
[Date "2021.02.20"]
[Round "3"]
[White "TheChessShark"]
[Black "arconsul2"]
[Result "1-0"]
[ICCResult "Black resigns"]
[WhiteElo "1809"]
[BlackElo "1726"]
[Opening "Queen's pawn: stonewall attack"]
[ECO "D00"]
[NIC "QP.08"]
[Time "18:02:28"]
[PlyCount "49"]
[TimeControl "4500+10"]

1. d4 d5 2. e3 Nf6 3. Bd3 Bg4 4. Ne2 e6 5. f3 Bh5 6. Nf4 Bg6 7. Nxg6 hxg6
8. Nd2 Bd6 9. f4 Nbd7 10. c3 c6 11. O-O Qc7 12. a4 g5 13. g3 gxf4 14. exf4
c5 15. Nf3 Ne4 16. Bxe4 dxe4 17. Ne5 cxd4 18. cxd4 Nf6 19. Be3 O-O 20. Rc1
Qb6 21. Qe2 Bxe5 22. dxe5 Qb4 23. exf6 Qxa4 24. fxg7 f5 25. gxf8=Q+ { Black
resigns } 1-0

[Event "ICC tourney 2397 (75 10)"]
[Site "Internet Chess Club"]
[Date "2021.02.20"]
[Round "3"]
[White "danh07"]
[Black "liguowh"]
[Result "1-0"]
[ICCResult "Black resigns"]
[WhiteElo "1876"]
[BlackElo "1972"]
[Opening "Sicilian: Najdorf, Byrne (English) attack"]
[ECO "B90"]
[NIC "SI.14"]
[Time "18:02:46"]
[PlyCount "59"]
[TimeControl "4500+10"]

1. e4 c5 2. Nf3 d6 3. d4 cxd4 4. Nxd4 Nf6 5. Nc3 a6 6. Be3 e5 7. Nb3 Be6 8.
Be2 Nbd7 9. Qd3 Rc8 10. O-O b5 11. a4 Bc4 12. Qd2 b4 13. Bxc4 Rxc4 14. Qd3
Qc7 15. Nd5 Nxd5 16. exd5 e4 17. Qe2 Be7 18. Nd4 Bf6 19. Rad1 O-O 20. Nc6
Ne5 21. b3 Rc3 22. Bd4 Rxc6 23. dxc6 Qxc6 24. Qd2 Rb8 25. Ba1 Rb6 26. a5
Rb5 27. Qxd6 Qxd6 28. Rxd6 Rxa5 29. Rfd1 h6 30. R6d5 { Black resigns } 1-0

[Event "ICC tourney 2397 (75 10)"]
[Site "Internet Chess Club"]
[Date "2021.02.20"]
[Round "3"]
[White "PearsonH"]
[Black "vishalanil"]
[Result "1-0"]
[ICCResult "Black resigns"]
[WhiteElo "1726"]
[BlackElo "1838"]
[Opening "Queen's pawn, Mason variation"]
[ECO "D00"]
[NIC "QP.08"]
[Time "18:02:27"]
[PlyCount "81"]
[TimeControl "4500+10"]

1. d4 d5 2. Bf4 Nf6 3. e3 c5 4. Nf3 Nc6 5. c3 e6 6. Nbd2 cxd4 7. exd4 Nh5
8. Be3 f5 9. Ne5 Nf6 10. Be2 Bd6 11. f4 O-O 12. O-O Bxe5 13. fxe5 Ne4 14.
Nxe4 fxe4 15. Qd2 Bd7 16. Rxf8+ Qxf8 17. Rf1 Qe8 18. c4 Ne7 19. cxd5 exd5
20. Bd1 Bc6 21. Bg4 Qg6 22. Qe2 Rf8 23. Rxf8+ Kxf8 24. Bh5 Qf5 25. Bg4 Qf7
26. Bh5 g6 27. Bg4 Ke8 28. Qf2 Qxf2+ 29. Kxf2 h5 30. Bh3 Bb5 31. Bg5 Nc6
32. Be6 Nb4 33. a3 Nd3+ 34. Ke3 Bc6 35. b4 b5 36. Bh4 Nb2 37. Kf4 Nc4 38.
Kg5 Nxa3 39. Kxg6 Nc2 40. Bf7+ Kf8 41. e6 { Black resigns } 1-0

[Event "ICC tourney 2397 (75 10)"]
[Site "Internet Chess Club"]
[Date "2021.02.20"]
[Round "3"]
[White "soggydollar"]
[Black "jairam09"]
[Result "1-0"]
[ICCResult "Black resigns"]
[WhiteElo "1790"]
[BlackElo "1806"]
[Opening "Caro-Kann: advance variation"]
[ECO "B12"]
[NIC "CK.04"]
[Time "18:02:20"]
[PlyCount "71"]
[TimeControl "4500+10"]

1. e4 c6 2. d4 d5 3. e5 Bf5 4. Nf3 e6 5. Be2 c5 6. O-O Nc6 7. c3 cxd4 8.
cxd4 Nge7 9. Nh4 Bg6 10. Nc3 Nf5 11. Nxf5 Bxf5 12. Bg4 Bg6 13. Be3 Be7 14.
f4 Bf5 15. Bxf5 exf5 16. Qb3 Qd7 17. Qxd5 Qc7 18. Qc4 Qb6 19. Qb5 Qxb5 20.
Nxb5 Rd8 21. d5 Nb4 22. d6 Bf8 23. Bxa7 f6 24. Bb6 Rd7 25. e6 Rxd6 26.
Nxd6+ Bxd6 27. Rfd1 Ke7 28. a3 Nc6 29. Re1 Bxf4 30. Bc5+ Ke8 31. Rad1 Ne5
32. Bd6 h5 33. Bxe5 Bxe5 34. Rd7 Bxb2 35. Re2 Bd4+ 36. Rxd4 { Black resigns
} 1-0

[Event "ICC tourney 2397 (75 10)"]
[Site "Internet Chess Club"]
[Date "2021.02.20"]
[Round "3"]
[White "USChessNinja"]
[Black "kwen2008"]
[Result "0-1"]
[ICCResult "White checkmated"]
[WhiteElo "1773"]
[BlackElo "1728"]
[Opening "Scotch game"]
[ECO "C45"]
[NIC "SO.05"]
[Time "18:02:28"]
[PlyCount "124"]
[TimeControl "4500+10"]

1. e4 e5 2. Nf3 Nc6 3. d4 exd4 4. Nxd4 Bc5 5. Be3 Qf6 6. c3 Nge7 7. f3 O-O
8. Qd2 a6 9. Qf2 Ne5 10. Nd2 d6 11. Qg3 Qg6 12. Qf2 Bb6 13. h4 h6 14. h5
Qf6 15. g4 Bxg4 16. fxg4 Qxf2+ 17. Kxf2 Nxg4+ 18. Ke2 Nxe3 19. Kxe3 f5 20.
Kf4 fxe4+ 21. Kxe4 Rae8 22. Bc4+ Kh8 23. Ne6 d5+ 24. Kd3 dxc4+ 25. Nxc4
Rf3+ 26. Ke4 Rf6 27. Nd4 Nc6+ 28. Kd3 Bxd4 29. cxd4 Rd8 30. Rh4 Nb4+ 31.
Kc3 Nd5+ 32. Kd3 Nf4+ 33. Ke4 Ne6 34. d5 Ng5+ 35. Ke3 Rxd5 36. Rf4 Re6+ 37.
Kf2 Nh3+ 38. Kg3 Nxf4 39. Kxf4 Rd4+ 40. Kf5 Rf6+ 41. Ke5 Rxc4 42. Rd1 Rc5+
43. Ke4 Rxh5 44. Rd8+ Kh7 45. Rd7 Rc5 46. Rd4 Rcc6 47. Rb4 Rb6 48. Rc4 Rfc6
49. Rd4 Rxb2 50. Kd3 Rd6 51. Rxd6 cxd6 52. Kd4 h5 53. Kd5 h4 54. Kxd6 h3
55. Kc7 h2 56. a4 h1=Q 57. a5 Qc6+ 58. Kb8 Qc5 59. Ka8 Re2 60. Kb8 Re8+ 61.
Kxb7 Re7+ 62. Kxa6 Ra7# { White checkmated } 0-1

[Event "ICC tourney 2397 (75 10)"]
[Site "Internet Chess Club"]
[Date "2021.02.20"]
[Round "3"]
[White "bonnelleo1"]
[Black "evilking"]
[Result "0-1"]
[ICCResult "White resigns"]
[WhiteElo "1823"]
[BlackElo "1768"]
[Opening "Queen's pawn, Mason variation"]
[ECO "D00"]
[NIC "QP.08"]
[Time "18:02:22"]
[PlyCount "66"]
[TimeControl "4500+10"]

1. d4 d5 2. Bf4 Nf6 3. e4 Nxe4 4. f3 Nf6 5. Bd3 c5 6. dxc5 Qa5+ 7. Nd2 Qxc5
8. Nb3 Qb6 9. Qd2 e6 10. Be3 Qd8 11. O-O-O Be7 12. g4 Nc6 13. Ne2 a6 14. c3
b5 15. Ned4 Bd7 16. Nxc6 Bxc6 17. Nd4 Bd7 18. Kb1 a5 19. Nxb5 Rb8 20. a4
O-O 21. h4 Ne8 22. Qc2 h6 23. h5 Nd6 24. Bf4 Rb6 25. Bxd6 Bxd6 26. Qf2 Qb8
27. Qe2 Be7 28. Rhf1 Qf4 29. Qd2 Qxa4 30. Nd4 Rfb8 31. b3 Rxb3+ 32. Nxb3
Qxb3+ 33. Ka1 Qa3+ { White resigns } 0-1

[Event "ICC tourney 2397 (75 10)"]
[Site "Internet Chess Club"]
[Date "2021.02.20"]
[Round "3"]
[White "outpost"]
[Black "Goldenmaknae"]
[Result "1/2-1/2"]
[ICCResult "Game drawn by mutual agreement"]
[WhiteElo "1795"]
[BlackElo "1809"]
[Opening "QGD semi-Slav: 5.e3"]
[ECO "D45"]
[NIC "SL.08"]
[Time "18:02:46"]
[PlyCount "64"]
[TimeControl "4500+10"]

1. d4 d5 2. c4 c6 3. Nc3 Nf6 4. e3 e6 5. Nf3 Be7 6. Qc2 Nbd7 7. Bd3 dxc4 8.
Bxc4 Nb6 9. Bd3 Nbd5 10. a3 O-O 11. O-O h6 12. e4 Nb6 13. Rd1 Bd7 14. h3
Rc8 15. Bf4 c5 16. d5 Nh5 17. Bh2 exd5 18. exd5 c4 19. Be2 Bc5 20. Ne5 Nf6
21. Nxd7 Qxd7 22. Be5 Qe7 23. Bg3 Bd6 24. Bxd6 Qxd6 25. Bf3 Rfd8 26. Rd4 a6
27. Rad1 Nbd7 28. Ne4 Nxe4 29. Bxe4 b5 30. Bf5 Rc7 31. Bxd7 Rcxd7 32. Qd2
Rc8 { Game drawn by mutual agreement } 1/2-1/2

[Event "ICC tourney 2397 (75 10)"]
[Site "Internet Chess Club"]
[Date "2021.02.20"]
[Round "3"]
[White "JunlinTheWorld"]
[Black "clair"]
[Result "1/2-1/2"]
[ICCResult "White stalemated"]
[WhiteElo "1860"]
[BlackElo "1723"]
[Opening "English opening"]
[ECO "A10"]
[NIC "EO.64"]
[Time "18:02:31"]
[PlyCount "158"]
[TimeControl "4500+10"]

1. c4 g6 2. g3 Bg7 3. Bg2 e6 4. Nf3 Ne7 5. d4 d5 6. cxd5 exd5 7. O-O O-O 8.
Nc3 c6 9. a3 Nd7 10. Bf4 Nf6 11. Be5 Nf5 12. b4 a6 13. a4 Ne4 14. Qc2 f6
15. Bf4 g5 16. Bd2 g4 17. Ne1 Nxd4 18. Qd3 f5 19. Rb1 Re8 20. e3 Ne6 21.
Nc2 N6g5 22. f3 gxf3 23. Bxf3 f4 24. gxf4 Nxf3+ 25. Rxf3 Bf5 26. Nd4 Nxd2
27. Qxd2 Bxb1 28. Nxb1 Qd7 29. f5 Kh8 30. f6 Bf8 31. Qc3 Re4 32. h3 Re5 33.
Rg3 Bd6 34. Nf3 Qf5 35. f7 Qxb1+ 36. Kh2 Qf5 37. Kg2 Rf8 38. Rg5 Qxf7 39.
Nxe5 Qf1+ 40. Kg3 Qf2+ 41. Kg4 Qf6 42. h4 a5 43. bxa5 c5 44. Kh5 c4 45. Kg4
Qe6+ 46. Kh5 Bxe5 47. Qxe5+ Qxe5 48. Rxe5 c3 49. Rg5 c2 50. Rg1 Re8 51. Rc1
Rc8 52. Kg5 Ra8 53. Rxc2 Rxa5 54. Kf6 Ra6+ 55. Kf7 h5 56. Rc8+ Kh7 57. Rc5
Rxa4 58. Rxd5 Rxh4 59. Rb5 Kh6 60. Rxb7 Re4 61. Kf6 Rxe3 62. Kf5 Rf3+ 63.
Ke4 Rf8 64. Rb3 Rg8 65. Kf4 Rg4+ 66. Kf3 Rg5 67. Rb6+ Rg6 68. Rxg6+ Kxg6
69. Kg3 Kg5 70. Kh3 Kg6 71. Kh4 Kh6 72. Kh3 Kg5 73. Kg3 h4+ 74. Kh3 Kh5 75.
Kh2 Kg4 76. Kg2 h3+ 77. Kh1 Kg3 78. Kg1 h2+ 79. Kh1 Kh3 { White stalemated
} 1/2-1/2

[Event "ICC tourney 2397 (75 10)"]
[Site "Internet Chess Club"]
[Date "2021.02.20"]
[Round "3"]
[White "Nikhilp"]
[Black "elytito2017"]
[Result "1-0"]
[ICCResult "Black resigns"]
[WhiteElo "1751"]
[BlackElo "1917"]
[Opening "Sicilian defense"]
[ECO "B30"]
[NIC "SI.31"]
[Time "18:02:37"]
[PlyCount "83"]
[TimeControl "4500+10"]

1. e4 c5 2. Nf3 Nc6 3. d3 d6 4. g3 g6 5. Bg2 Bg7 6. O-O e6 7. Nbd2 Nge7 8.
Nh4 b5 9. f4 h6 10. f5 Bd4+ 11. Kh1 g5 12. fxe6 Bxe6 13. Nf5 Rc8 14. c3 Be5
15. Nf3 Bxf5 16. exf5 Bf6 17. d4 Kf8 18. dxc5 dxc5 19. Be3 Nxf5 20. Bxc5+
Kg7 21. Qxd8 Rcxd8 22. Nxg5 Nxg3+ 23. hxg3 hxg5+ 24. Kg1 Ne5 25. Bxa7 Rd2
26. Rf2 Rhd8 27. Bd4 Rxf2 28. Bxf2 Rd2 29. b3 Ng4 30. Bd4 Bxd4+ 31. cxd4
Rxd4 32. a4 Ne3 33. a5 Nxg2 34. Kxg2 g4 35. Kf2 Kg6 36. Ke3 Rd7 37. a6 Ra7
38. Kd4 f5 39. Kc5 f4 40. gxf4 Kf5 41. Kxb5 Kxf4 42. Kb6 { Black resigns }
1-0

[Event "ICC tourney 2397 (75 10)"]
[Site "Internet Chess Club"]
[Date "2021.02.20"]
[Round "3"]
[White "imranchamp"]
[Black "poohfur"]
[Result "0-1"]
[ICCResult "White checkmated"]
[WhiteElo "1852"]
[BlackElo "1706"]
[Opening "Evans gambit declined"]
[ECO "C51"]
[NIC "IG.05"]
[Time "18:02:25"]
[PlyCount "86"]
[TimeControl "4500+10"]

1. e4 e5 2. Nf3 Nc6 3. Bc4 Bc5 4. b4 Bb6 5. O-O d6 6. a3 Nf6 7. Nc3 Bg4 8.
h3 Bh5 9. Be2 O-O 10. Bb2 Bxf3 11. Bxf3 Nd4 12. Na4 Ne6 13. Nxb6 axb6 14.
Re1 Nf4 15. d4 Qe7 16. Kh2 c5 17. c3 c4 18. Be2 Nxe4 19. Bxc4 Qg5 20. Bf1
Nxh3 21. Rxe4 Nxf2 22. Qf3 Nxe4 23. Qxe4 f5 24. Qd5+ Kh8 25. dxe5 Qf4+ 26.
Kg1 Qe3+ 27. Kh2 dxe5 28. Qf3 Qh6+ 29. Qh3 Qd2 30. Bc1 Qe1 31. Bb2 Qf2 32.
Rb1 Rf6 33. Bc1 f4 34. Bd3 Rh6 35. Qxh6 gxh6 36. Bxf4 Qxf4+ 37. g3 Qd2+ 38.
Be2 Qxe2+ 39. Kg1 Qe3+ 40. Kg2 Qe4+ 41. Kh3 Qxb1 42. a4 Rg8 43. b5 Qh1# {
White checkmated } 0-1

[Event "ICC tourney 2397 (75 10)"]
[Site "Internet Chess Club"]
[Date "2021.02.20"]
[Round "3"]
[White "icommai"]
[Black "joeandjoe56"]
[Result "1-0"]
[ICCResult "Black resigns"]
[WhiteElo "1880"]
[BlackElo "1816"]
[Opening "Neo-Grünfeld defense"]
[ECO "D70"]
[NIC "KI.80"]
[Time "18:02:20"]
[PlyCount "85"]
[TimeControl "4500+10"]

1. d4 Nf6 2. c4 g6 3. f3 d5 4. cxd5 Nxd5 5. e4 Nf6 6. Nc3 Bg7 7. Be3 O-O 8.
Qd2 c5 9. d5 b6 10. g4 e6 11. O-O-O exd5 12. exd5 Bb7 13. h4 Na6 14. h5 Nc7
15. hxg6 fxg6 16. Bc4 b5 17. Nxb5 Nxb5 18. Bxb5 Qxd5 19. Qxd5+ Nxd5 20. Bc4
Rfd8 21. Rh2 Rd7 22. Rhd2 Re8 23. Rxd5 Bxd5 24. Rxd5 Rxd5 25. Bxd5+ Kh8 26.
Be4 c4 27. Ne2 Rb8 28. Nc3 a6 29. Kc2 Bf6 30. g5 Be5 31. Bd5 Rc8 32. Bb7
Re8 33. Bd2 a5 34. Ba6 Rf8 35. Bb7 Kg7 36. Be4 Rb8 37. Na4 Rf8 38. Bxa5 Bf4
39. Nc5 Re8 40. Bc3+ Be5 41. a4 Bxc3 42. Kxc3 Re5 43. Kxc4 { Black resigns
} 1-0

[Event "ICC tourney 2397 (75 10)"]
[Site "Internet Chess Club"]
[Date "2021.02.20"]
[Round "3"]
[White "adwaysane"]
[Black "kasraei"]
[Result "1-0"]
[ICCResult "Black resigns"]
[WhiteElo "1716"]
[BlackElo "1950"]
[Opening "Queen's pawn"]
[ECO "A40"]
[NIC "QO.17"]
[Time "18:02:22"]
[PlyCount "57"]
[TimeControl "4500+10"]

1. d4 e6 2. Bf4 d5 3. Nf3 Nf6 4. e3 c5 5. c3 Bd6 6. Bb5+ Nc6 7. Ne5 O-O 8.
Nxc6 bxc6 9. Bxc6 Rb8 10. Bxd6 Qxd6 11. Ba4 Ba6 12. b3 Ne4 13. f3 Ng3 14.
hxg3 Qxg3+ 15. Kd2 Qxg2+ 16. Kc1 Be2 17. Qg1 Qxf3 18. Nd2 Qf5 19. dxc5 Qd3
20. Nb1 f5 21. b4 Bf3 22. Bc2 Qa6 23. Rh2 h5 24. a4 Qc4 25. Ra3 g6 26. Nd2
Qg4 27. Nxf3 Qxf3 28. Qxg6+ Kh8 29. Rxh5+ { Black resigns } 1-0

[Event "ICC tourney 2397 (75 10)"]
[Site "Internet Chess Club"]
[Date "2021.02.20"]
[Round "3"]
[White "apachekid"]
[Black "GrandWizard"]
[Result "0-1"]
[ICCResult "White checkmated"]
[WhiteElo "1816"]
[BlackElo "1701"]
[Opening "Dutch, 2.Bg5 variation"]
[ECO "A80"]
[NIC "HD.12"]
[Time "18:02:19"]
[PlyCount "82"]
[TimeControl "4500+10"]

1. d4 f5 2. Bg5 h6 3. Bh4 Nf6 4. Bxf6 exf6 5. e4 Qe7 6. Qh5+ Kd8 7. Nd2 d5
8. f3 dxe4 9. fxe4 fxe4 10. Qd5+ Nd7 11. Qxe4 Nb6 12. Qxe7+ Bxe7 13. O-O-O
Bf5 14. Ngf3 Kd7 15. Nh4 Bh7 16. Nb3 Kc8 17. g3 Be4 18. Bh3+ Kd8 19. Nc5
Bxh1 20. Ne6+ Kd7 21. Rxh1 f5 22. Nxg7 Bg5+ 23. Kd1 Bxh4 24. gxh4 Nc4 25.
Nxf5 Kc6 26. b3 Nd6 27. Ne7+ Kb5 28. Nd5 Rh7 29. a4+ Ka5 30. c4 c6 31. Nc3
Rf8 32. Re1 Rf3 33. Re5+ Kb4 34. Na2+ Ka3 35. Bg2 Rf2 36. c5 Rxg2 37. Nc3
Kxb3 38. Ne2 Nc4 39. Re6 Rf7 40. Nc1+ Kb2 41. Re1 Rd2# { White checkmated }
0-1

[Event "ICC tourney 2397 (75 10)"]
[Site "Internet Chess Club"]
[Date "2021.02.20"]
[Round "3"]
[White "vober6"]
[Black "siddhu"]
[Result "1/2-1/2"]
[ICCResult "Game drawn by mutual agreement"]
[WhiteElo "1912"]
[BlackElo "1988"]
[Opening "Sicilian: Najdorf, Byrne (English) attack"]
[ECO "B90"]
[NIC "SI.14"]
[Time "18:02:36"]
[PlyCount "74"]
[TimeControl "4500+10"]

1. e4 c5 2. Nf3 d6 3. d4 cxd4 4. Nxd4 Nf6 5. Nc3 a6 6. Be3 e5 7. Nb3 Be7 8.
f3 Be6 9. Qd2 h5 10. O-O-O Nbd7 11. h3 h4 12. f4 Rc8 13. Kb1 b5 14. Bd3 Bc4
15. Rhe1 Qc7 16. f5 Bxd3 17. cxd3 Nc5 18. Nxc5 dxc5 19. Bf2 Qa5 20. Nd5
Qxd2 21. Nxf6+ Bxf6 22. Rxd2 c4 23. dxc4 Rxc4 24. b3 Rc6 25. Red1 O-O 26.
Rc2 Rxc2 27. Kxc2 Rc8+ 28. Kb2 Bg5 29. Be1 Kh7 30. Bc3 g6 31. Rd7 gxf5 32.
Rxf7+ Kg6 33. Rxf5 Bc1+ 34. Kxc1 Rxc3+ 35. Kd2 Rg3 36. Rf2 b4 37. Ke2 Rc3 {
Game drawn by mutual agreement } 1/2-1/2

[Event "ICC tourney 2397 (75 10)"]
[Site "Internet Chess Club"]
[Date "2021.02.20"]
[Round "3"]
[White "MysteryHunter"]
[Black "Percy101"]
[Result "1/2-1/2"]
[ICCResult "Game drawn because neither player has mating material"]
[WhiteElo "1732"]
[BlackElo "1898"]
[Opening "French: Winawer, advance variation"]
[ECO "C17"]
[NIC "FR.10"]
[Time "18:02:25"]
[PlyCount "117"]
[TimeControl "4500+10"]

1. e4 e6 2. d4 d5 3. Nc3 Bb4 4. e5 c5 5. f4 Ne7 6. Nf3 Nbc6 7. Be2 Qc7 8.
a3 cxd4 9. Nxd4 Nxd4 10. Qxd4 Bc5 11. Bb5+ Bd7 12. Bxd7+ Kxd7 13. Qd1 Rad8
14. Qd3 a6 15. Be3 Ke8 16. Bxc5 Qxc5 17. Qe2 h5 18. Qf2 Qxf2+ 19. Kxf2 Nf5
20. Ne2 Ke7 21. Rac1 Rc8 22. Rhd1 Rc4 23. g3 Rhc8 24. c3 d4 25. cxd4 Rxc1
26. Nxc1 Rc2+ 27. Ne2 Rxb2 28. d5 exd5 29. Rxd5 Ra2 30. Rd3 g6 31. h3 h4
32. Kf1 hxg3 33. Nxg3 Nxg3+ 34. Rxg3 Ke6 35. Rb3 b5 36. Rd3 Kf5 37. Rd7
Kxf4 38. Rxf7+ Kxe5 39. Rf3 g5 40. Ke1 Ke4 41. Rg3 Kf4 42. Rc3 Rb2 43. Kd1
a5 44. Kc1 Re2 45. Rb3 Re3 46. Rxb5 Rxa3 47. Kd2 Ra2+ 48. Kd1 a4 49. Rb4+
Kg3 50. Rg4+ Kxh3 51. Rxg5 Kh4 52. Ra5 Kg3 53. Kc1 Kf3 54. Kb1 Ra3 55. Kb2
Rb3+ 56. Ka2 Rb4 57. Ka3 Re4 58. Rxa4 Rxa4+ 59. Kxa4 { Game drawn because
neither player has mating material } 1/2-1/2

[Event "ICC tourney 2397 (75 10)"]
[Site "Internet Chess Club"]
[Date "2021.02.20"]
[Round "3"]
[White "saanvichess"]
[Black "chessisthebest1"]
[Result "0-1"]
[ICCResult "White resigns"]
[WhiteElo "1875"]
[BlackElo "1787"]
[Opening "Sicilian: Najdorf, Byrne (English) attack"]
[ECO "B90"]
[NIC "SI.14"]
[Time "18:02:37"]
[PlyCount "128"]
[TimeControl "4500+10"]

1. e4 c5 2. Nf3 d6 3. d4 cxd4 4. Nxd4 Nf6 5. Nc3 a6 6. Be3 e5 7. Nb3 Be6 8.
f3 h5 9. Nd5 Bxd5 10. exd5 Be7 11. Qd2 Nbd7 12. Be2 Qc7 13. Rc1 Rc8 14. O-O
O-O 15. Rfd1 g6 16. c4 b6 17. Bd3 Nc5 18. Nxc5 bxc5 19. a3 a5 20. b4 axb4
21. axb4 Nd7 22. b5 Ra8 23. Bh6 Rfe8 24. Qc2 Bf8 25. Bxf8 Nxf8 26. Ra1 Qb7
27. Rdb1 Kg7 28. g3 Nd7 29. Qc3 Kg8 30. Qc1 Rxa1 31. Rxa1 Ra8 32. h4 Kg7
33. Qb2 f6 34. Kf2 Ra7 35. g4 hxg4 36. fxg4 Qa8 37. Rxa7 Qxa7 38. h5 gxh5
39. gxh5 Nb6 40. Ke3 Kh8 41. Qg2 Qa1 42. Qg6 Qe1+ 43. Kf3 Qd1+ 44. Ke4 Qh1+
45. Ke3 Qe1+ 46. Kf3 Qd1+ 47. Ke4 Qh1+ 48. Kf5 Qh3+ 49. Kxf6 Nd7+ 50. Ke7
e4 51. Bxe4 Qh4+ 52. Kf7 Ne5+ 53. Kf8 Nxg6+ 54. Bxg6 Qxc4 55. b6 Qb5 56.
Bf7 Qxb6 57. h6 Qd8+ 58. Be8 Qf6+ 59. Bf7 Qxh6+ 60. Ke7 c4 61. Be6 Qf4 62.
Kd7 c3 63. Ke7 c2 64. Kd7 c1=Q { White resigns } 0-1

[Event "ICC tourney 2397 (75 10)"]
[Site "Internet Chess Club"]
[Date "2021.02.20"]
[Round "3"]
[White "xyzchessdude"]
[Black "FL2009"]
[Result "0-1"]
[ICCResult "White resigns"]
[WhiteElo "1987"]
[BlackElo "1820"]
[Opening "English: Neo-Catalan"]
[ECO "A13"]
[NIC "RE.11"]
[Time "18:03:15"]
[PlyCount "66"]
[TimeControl "4500+10"]

1. c4 Nf6 2. Nf3 e6 3. g3 d5 4. Bg2 Bd6 5. O-O O-O 6. b3 c6 7. Bb2 Nbd7 8.
d4 b6 9. Nbd2 Bb7 10. Qc2 Re8 11. e4 dxe4 12. Nxe4 Nxe4 13. Qxe4 Nf6 14.
Qc2 c5 15. Rad1 Qe7 16. Rfe1 cxd4 17. Nxd4 Bb4 18. Nf5 Qc7 19. Bxb7 Qxb7
20. Nxg7 Kxg7 21. Re4 e5 22. Bxe5 Kg8 23. Rf4 Rxe5 24. Rxf6 Rae8 25. f3
Re1+ 26. Rxe1 Rxe1+ 27. Kg2 Qe7 28. Qf5 Qe2+ 29. Kh3 Rh1 30. Qg5+ Kh8 31.
Rc6 Qxh2+ 32. Kg4 Qh3+ 33. Kf4 Bd2+ { White resigns } 0-1

[Event "ICC tourney 2397 (75 10)"]
[Site "Internet Chess Club"]
[Date "2021.02.20"]
[Round "3"]
[White "Grinch81"]
[Black "DanielA1926"]
[Result "1/2-1/2"]
[ICCResult "Game drawn by mutual agreement"]
[WhiteElo "1961"]
[BlackElo "1782"]
[Opening "King's Indian: fianchetto with ...Nd7"]
[ECO "E67"]
[NIC "QO.17"]
[Time "18:02:24"]
[PlyCount "120"]
[TimeControl "4500+10"]

1. d4 g6 2. c4 Bg7 3. Nf3 d6 4. Nc3 Nd7 5. g3 Ngf6 6. Bg2 O-O 7. O-O c5 8.
h3 cxd4 9. Nxd4 a6 10. Be3 Nc5 11. Qd2 Qc7 12. Rac1 Bd7 13. b4 Ne6 14. Nd5
Qd8 15. Nb6 Rb8 16. Nxd7 Qxd7 17. Nxe6 Qxe6 18. a4 Rfc8 19. Qd3 Nd7 20. Ba7
Ra8 21. Bd4 Rab8 22. Bxg7 Kxg7 23. Qd4+ Qe5 24. Rfd1 Qxd4 25. Rxd4 b6 26.
h4 a5 27. Bh3 Rc7 28. Bxd7 Rxd7 29. bxa5 bxa5 30. Rd5 Rc7 31. Rxa5 Rbc8 32.
Kg2 Kf6 33. Kf3 Rxc4 34. Rxc4 Rxc4 35. Ke3 Rc3+ 36. Kd2 Ra3 37. Kc2 Ra2+
38. Kd3 Ra3+ 39. Ke4 Ra2 40. Kf3 Ra3+ 41. e3 h5 42. Ke4 Ke6 43. f3 f5+ 44.
Kf4 Kf6 45. g4 e5+ 46. Kg3 hxg4 47. fxg4 Rxe3+ 48. Kf2 f4 49. Ra8 Rh3 50.
Rh8 Ra3 51. Ra8 e4 52. h5 gxh5 53. gxh5 Kg5 54. Ra5+ Kh6 55. Rf5 e3+ 56.
Kf3 Rxa4 57. Rf6+ Kxh5 58. Rxd6 Kg5 59. Rd5+ Kf6 60. Rb5 Ke6 { Game drawn
by mutual agreement } 1/2-1/2

[Event "ICC tourney 2397 (75 10)"]
[Site "Internet Chess Club"]
[Date "2021.02.20"]
[Round "3"]
[White "atevifred"]
[Black "abi2009"]
[Result "1-0"]
[ICCResult "Black checkmated"]
[WhiteElo "1803"]
[BlackElo "1649"]
[Opening "King's Indian: fianchetto, Yugoslav Panno"]
[ECO "E66"]
[NIC "KI.67"]
[Time "18:02:20"]
[PlyCount "85"]
[TimeControl "4500+10"]

1. Nf3 Nf6 2. c4 c5 3. Nc3 Nc6 4. g3 g6 5. Bg2 Bg7 6. O-O O-O 7. d4 d6 8.
d5 Na5 9. Qd3 a6 10. Nd2 Rb8 11. a4 Ng4 12. Qc2 Ne5 13. b3 Bd7 14. Bb2 b5
15. axb5 axb5 16. cxb5 Bxb5 17. Nxb5 Rxb5 18. Bc3 Qb6 19. Ra3 Rb8 20. Rb1
Ng4 21. Bxg7 Kxg7 22. Qc3+ Nf6 23. g4 Kg8 24. g5 Ng4 25. e3 Rb4 26. Bf1 Ne5
27. f4 Nd7 28. Bh3 Nf8 29. Bf1 Nd7 30. Be2 Rb7 31. Kf2 e5 32. dxe6 fxe6 33.
Bg4 d5 34. Rxa5 d4 35. Ra8+ Kf7 36. exd4 cxd4 37. Qc8 d3+ 38. Kg2 Nb8 39.
Re1 Re7 40. Rxb8 Qxb8 41. Bxe6+ Kg7 42. Qc3+ Kf8 43. Qh8# { Black
checkmated } 1-0

[Event "ICC tourney 2397 (75 10)"]
[Site "Internet Chess Club"]
[Date "2021.02.20"]
[Round "3"]
[White "bcooke01"]
[Black "funpawn"]
[Result "1/2-1/2"]
[ICCResult "Game drawn because neither player has mating material"]
[WhiteElo "1844"]
[BlackElo "1795"]
[Opening "Nimzo-Indian: 4.e3, Gligoric system with 7...dc"]
[ECO "E54"]
[NIC "NI.04"]
[Time "18:02:28"]
[PlyCount "101"]
[TimeControl "4500+10"]

1. d4 Nf6 2. c4 e6 3. Nc3 Bb4 4. e3 O-O 5. Bd3 d5 6. Nf3 dxc4 7. Bxc4 c5 8.
O-O cxd4 9. exd4 b6 10. a3 Bxc3 11. bxc3 Bb7 12. Bg5 h6 13. Bh4 Nbd7 14.
Bb5 Qc7 15. Rc1 Ne4 16. Bxd7 Qxd7 17. Ne5 Qd6 18. f3 Ng5 19. Bxg5 hxg5 20.
f4 gxf4 21. Rxf4 g6 22. Rg4 Kg7 23. Qc2 Kf6 24. Rf1+ Ke7 25. Rxf7+ Rxf7 26.
Nxf7 Qxa3 27. Ne5 Qa1+ 28. Kf2 Rf8+ 29. Nf3 Qh1 30. Rg3 Bxf3 31. Rxf3 Rxf3+
32. Kxf3 Qf1+ 33. Kg3 g5 34. Qf2 Qxf2+ 35. Kxf2 b5 36. h3 a5 37. Ke2 a4 38.
Kd2 Kf6 39. g3 Kf5 40. Kc2 Ke4 41. Kb2 Kf3 42. h4 gxh4 43. gxh4 Kg4 44. Ka3
Kxh4 45. c4 bxc4 46. Kxa4 Kg4 47. Kb4 Kf4 48. Kxc4 Ke4 49. Kc5 Kd3 50. d5
exd5 51. Kxd5 { Game drawn because neither player has mating material }
1/2-1/2

[Event "ICC tourney 2397 (75 10)"]
[Site "Internet Chess Club"]
[Date "2021.02.21"]
[Round "4"]
[White "vishalanil"]
[Black "MysteryHunter"]
[Result "0-1"]
[ICCResult "White resigns"]
[WhiteElo "1838"]
[BlackElo "1732"]
[Opening "Sicilian: Najdorf, Zagreb (fianchetto) variation"]
[ECO "B91"]
[NIC "SI.14"]
[Time "11:02:19"]
[PlyCount "66"]
[TimeControl "4500+10"]

1. e4 c5 2. Nf3 d6 3. d4 cxd4 4. Nxd4 Nf6 5. Nc3 a6 6. g3 e5 7. Nde2 Be6 8.
Bg2 Nbd7 9. O-O Be7 10. Nd5 Bxd5 11. exd5 O-O 12. h3 Rc8 13. Be3 b5 14. a3
Qc7 15. Nc3 Nb6 16. Bxb6 Qxb6 17. Kh1 Nd7 18. f4 exf4 19. Rxf4 Bf6 20. Be4
Bxc3 21. bxc3 g6 22. Qg4 Qd8 23. Qf3 Ne5 24. Qe3 Qc7 25. Raf1 Qxc3 26. Bd3
Nxd3 27. cxd3 Qxa3 28. Rf6 Qc5 29. Qg5 Rce8 30. R6f5 Qe3 31. R5f4 Qxd3 32.
Qh6 Qxd5+ 33. Kh2 Re2+ { White resigns } 0-1

[Event "ICC tourney 2397 (75 10)"]
[Site "Internet Chess Club"]
[Date "2021.02.21"]
[Round "4"]
[White "chessisthebest1"]
[Black "Nikhilp"]
[Result "1-0"]
[ICCResult "Black resigns"]
[WhiteElo "1787"]
[BlackElo "1751"]
[Opening "two knights defense: Bogolyubov variation"]
[ECO "C58"]
[NIC "KP.01"]
[Time "11:02:32"]
[PlyCount "49"]
[TimeControl "4500+10"]

1. e4 e5 2. Nf3 Nc6 3. Bc4 Nf6 4. Ng5 d5 5. exd5 Na5 6. Bb5+ c6 7. dxc6
bxc6 8. Qf3 Be7 9. Bd3 O-O 10. O-O h6 11. Ne4 Nd5 12. Ng3 Nb4 13. Re1 Nxd3
14. Qxd3 Qxd3 15. cxd3 Bf6 16. b4 Nb7 17. Bb2 c5 18. a3 g5 19. Nc3 Bh8 20.
Nce4 f6 21. Nxc5 Nxc5 22. bxc5 Ba6 23. d4 Rad8 24. Nf5 exd4 25. Re7 { Black
resigns } 1-0